 Dungeon Crawl Stone Soup version 0.23.1-37-gaa34b87 (webtiles) character file.

Game seed: 634108140455371921

278 Fang the Skirmisher (level 6, -7/58 HPs)
             Began as a Gargoyle Berserker on Mar 22, 2019.
             Was a Priest of Trog.
             Killed from afar by an orc wizard (11 damage)
             ... with a puff of frost
             ... on level 5 of the Dungeon.
             The game lasted 00:02:21 (2706 turns).

Fang the Skirmisher (Gargoyle Berserker)            Turns: 2706, Time: 00:02:21

Health: -7/58      AC: 11    Str: 27    XL:     6   Next: 26%
Magic:  6/6        EV:  6    Int:  8    God:    Trog [***...]
Gold:   202        SH:  0    Dex:  9    Spells: 5/5 levels left

rFire    . . .     SeeInvis .   a - +0 hand axe
rCold    . . .     Gourm    .   (no shield)
rNeg     + . .     Faith    .   p - +0 scale mail
rPois    ∞         Spirit   .   (helmet restricted)
rElec    +         Reflect  .   (no cloak)
rCorr    .         Harm     .   (no gloves)
MR       .....     Rnd*Tele +   (no boots)
Stlth    ..........             (no amulet)
HPRegen  0.19/turn              o - ring of flight
MPRegen  0.10/turn              (no ring)

@: berserking, held, slowed
A: antennae 1, negative energy resistance 1, sense surroundings 1, electricity
resistance, teleportitis 2, unbreathing, petrification resistance, rot immunity,
AC +4
a: Berserk, Trog's Hand, Renounce Religion, Evoke Flight


You were on level 5 of the Dungeon.
You worshipped Trog.
Trog was most pleased with you.
You were hungry.

You visited 1 branch of the dungeon, and saw 5 of its levels.

You collected 202 gold pieces.

Inventory:

Hand Weapons
 a - a +0 hand axe (weapon)
Armour
 p - a +0 scale mail (worn)
Jewellery
 o - a ring of flight (left hand)
 v - an uncursed amulet of rage {unknown}
Scrolls
 d - 2 scrolls of magic mapping {unknown}
 h - 2 scrolls of identify {unknown}
 j - a scroll of amnesia {unknown}
 k - 2 scrolls of teleportation {unknown}
 l - a scroll of fog {unknown}
 m - a scroll of random uselessness {unknown}
 q - a scroll of noise {unknown}
 s - 2 scrolls of enchant weapon {unknown}
 t - 2 scrolls of remove curse {unknown}
 u - a scroll of immolation {unknown}
Potions
 e - 3 potions of curing {unknown}
 f - a potion of magic {unknown}
 g - a potion of resistance {unknown}
 n - 2 potions of degeneration {unknown}
 r - 2 potions of flight {unknown}
Comestibles
 b - 9 chunks of flesh
 c - 7 rations


   Skills:
 + Level 4.7 Fighting
 + Level 3.8 Axes
 + Level 4.0 Armour
 + Level 2.9 Dodging


You had 5 spell levels left.
You didn't know any spells.
Your spell library was empty.

Dungeon Overview and Level Annotations

Branches:
Dungeon (5/15)
 Temple: D:4-7

Altars:


Innate Abilities, Weirdness & Mutations

You are resistant to torment.
Your stone body is resilient. (AC +4)
You are immune to poison.
You resist negative energy. (rN+)
You are resistant to electric shocks. (rElec)
You can survive without breathing.
You are immune to petrification.
You are immune to rotting.
You have a pair of small antennae on your head.
You passively map a small area around you.
You are sometimes teleported next to monsters.


Message History

The orc wizard hits you with a +0 dagger.
* * * LOW HITPOINT WARNING * * *
The orc wizard hits you but does no damage.
The gnoll barely misses you.
The gnoll sergeant hits you but does no damage.
The orc wizard hits you but does no damage.
A jackal comes into view.
A red film seems to cover your vision as you go berserk!
You feel yourself moving faster!
You feel mighty!
You are feeling hungry.
The jackal barks!
The orc wizard casts a spell at you.
The puff of flame hits you but does no damage.
The orc wizard hits you but does no damage.
The gnoll barely misses you. The gnoll hits you but does no damage.
The gnoll sergeant hits you but does no damage.
The orc wizard barely misses you.
The orc wizard points at you and mumbles some strange words.
The puff of frost hits you!
You die...

* * * * *,,
** , , , *
, ,, , * *
* *
###########
#..@gg.....
, ,
#.oog...###
#..ggg..#
#..h....#
#.......#
#.......#
...h....# *
#.###.####
*


You could see a gnoll sergeant, 2 orc wizards, 5 gnolls and 2 jackals.

Vanquished Creatures
  2 orc wizards
  2 orc priests (D:4)
  Terence (D:2)
  A worker ant (D:4)
  3 adders
  An ooze (D:1)
  A dart slug (D:2)
  4 leopard geckos
  10 orcs
  2 giant cockroaches
  9 goblins
  4 hobgoblins
  11 jackals
  8 kobolds
  6 bats
  4 frilled lizards
  8 rats
77 creatures vanquished.

Notes
Turn   | Place    | Note
-------+----------+-------------------------------------------
     0 | D:1      | Fang the Gargoyle Berserker began the quest for the Orb.
     0 | D:1      | Reached XP level 1. HP: 14/14 MP: 1/1
    10 | D:1      | Reached XP level 2. HP: 15/19 MP: 2/2
   629 | D:1      | Reached XP level 3. HP: 23/23 MP: 3/3
  1061 | D:2      | Reached ** piety under Trog
  1188 | D:2      | Noticed Terence
  1200 | D:2      | Killed Terence
  1200 | D:2      | Reached XP level 4. HP: 12/29 MP: 4/4
  1974 | D:3      | Reached XP level 5. HP: 32/33 MP: 5/5
  2170 | D:3      | Reached *** piety under Trog
  2546 | D:4      | Reached XP level 6. HP: 39/39 MP: 6/6
  2677 | D:4      | Noticed a phantom
  2702 | D:5      | Entered Level 5 of the Dungeon
  2704 | D:5      | Gained mutation: You occasionally shout uncontrollably at
                  | your foes. [potion of mutation]
  2704 | D:5      | Gained mutation: You are occasionally teleported next to
                  | monsters. [potion of mutation]
  2704 | D:5      | Gained mutation: You are sometimes teleported next to
                  | monsters. [potion of mutation]
  2704 | D:5      | Gained mutation: You have large cloven feet. [potion of
                  | mutation]
  2705 | D:5      | Lost mutation: You occasionally shout uncontrollably at
                  | your foes. [potion of mutation]
  2705 | D:5      | Lost mutation: You have large cloven feet. [potion of
                  | mutation]
  2705 | D:5      | Gained mutation: You have a pair of small antennae on your
                  | head. [potion of mutation]
  2705 | D:5      | Gained mutation: You passively map a small area around you.
                  | [potion of mutation]
  2706 | D:5      | Killed from afar by an orc wizard

Skill      XL: |  1  2  3  4  5  6 |
---------------+-------------------+-----
Axes           | 3 |  3.8
Dodging        | 2 |  2.9
Armour         | 3 4 |  4.0
Fighting       | 4 |  4.7

Action                   |  1- 3 |  4- 6 || total
-------------------------+-------+-------++-------
Melee: Hand axe          |   114 |   111 ||   225
Invok: Berserk           |     1 |     2 ||     3
  Use: Potion            |       |     2 ||     2
  Eat: Chunk             |     1 |     7 ||     8
Armor: Animal skin       |    58 |    13 ||    71
       Scale mail        |       |    62 ||    62
Dodge: Dodged            |   108 |    83 ||   191
